AoeStats
← nazgulknight

Arabia

509119138Analyzed
1v1 RM · 8d ago on Sep 25, 2026· 62m 42s· 2 players
Game mode
Random Map
Map size
Tiny (2 player)
Population
200
Speed
Normal
Resources
Standard
Victory
Conquest
Starting age
Dark Age
Ending age
Imperial Age
RankedLock teamsTeams togetherTeam positionsShared explorationLock speedFull tech treeHidden civsTurbo modeCheats
Victory
Defeat
🇷🇸 Saxons · Serbia
897
+17
🇬🇷 Magyars · Greece
922
-17
CVIJA
5:55 Loom
8:39 Feudal Age
9:58 Double-Bit Axe
19:34 Castle Age
18:30 Horse Collar
19:40 Padded Archer Armor
19:30 Fletching
20:35 Crossbowman
22:13 Bodkin Arrow
24:53 Thumb Ring
24:13 Elite Skirmisher
27:53 Ballistics
28:14 Wheelbarrow
27:51 Town Watch
30:19 Hand Cart
30:42 Scale Mail Armor
33:06 Chain Mail Armor
33:07 Leather Archer Armor
34:00 Forging
33:40 Gambesons
33:55 Squires
38:09 Imperial Age
36:49 Arson
37:42 Iron Casting
38:16 Elite Varangian Guard
40:29 Plate Mail Armor
41:09 Ring Archer Armor
40:39 Bracer
43:04 Chemistry
42:11 Siege Engineers
42:21 Heavy Plow
44:13 Arbalester
46:12 Pikeman
47:43 Halberdier
47:58 Elite Hearth Troop
48:19 Shield Wall
50:12 Conscription
51:41 Masonry
52:10 Hoardings
53:08 Conscription
53:45 Bow Saw
nazgulknight
7:40 Loom
10:05 Feudal Age
18:31 Castle Age
16:31 Double-Bit Axe
17:24 Padded Archer Armor
18:03 Fletching
18:14 Padded Archer Armor
19:36 Horse Collar
21:53 Bodkin Arrow
22:54 Bloodlines
22:44 Husbandry
23:32 Bow Saw
24:41 Heavy Plow
24:30 Elite Skirmisher
26:39 Leather Archer Armor
28:10 Thumb Ring
29:58 Scale Mail Armor
30:07 Scale Barding Armor
30:03 Gold Mining
34:58 Wheelbarrow
34:36 Murder Holes
37:08 Ballistics
36:59 Masonry
41:13 Imperial Age
41:16 Heavy Cavalry Archer
42:21 Parthian Tactics
43:36 Cavalier
45:55 Chemistry
48:10 Bracer
48:40 Ring Archer Armor
49:23 Chain Barding Armor
51:20 Ring Archer Armor
54:39 Two-Man Saw
54:09 Crop Rotation
54:40 Town Watch
55:10 Hand Cart
55:09 Paladin
56:34 Recurve Bow
57:16 Plate Barding Armor
Connection lost

Rejoining the realm…

Still unreachable

The connection could not be restored.

Session expired

The server has moved on; the page needs a fresh start.